 Dungeon Crawl Stone Soup version 0.27.0-1-g7a089689b8 (webtiles) character file.

Game seed: 17162808015519578877

212 pkoi the Shooter (level 5, -3/42 HPs)
             Began as a Minotaur Hunter on Aug 3, 2021.
             Slain by an ogre (28 damage)
             ... on level 4 of the Dungeon.
             The game lasted 00:02:34 (2482 turns).

pkoi the Shooter (Minotaur Hunter)                  Turns: 2482, Time: 00:02:34

Health: -3/42      AC:  3    Str: 17    XL:     5   Next: 58%
Magic:  4/4        EV: 11    Int:  8    God:
Gold:   160        SH:  0    Dex: 11    Spells: 4/4 levels left

rFire    . . .     SeeInvis .   a - +1 shortbow
rCold    . . .     Faith    .   (shield currently unavailable)
rNeg     . . .     Spirit   .   c - +0 leather armour
rPois    .         Reflect  .   (helmet restricted)
rElec    .         Harm     .   (no cloak)
rCorr    .         Rampage  .   (no gloves)
Will     .....                  (no boots)
Stlth    +.........             (no amulet)
HPRegen  0.14/turn              (no ring)
MPRegen  0.09/turn              (no ring)

@: no status effects
A: horns 2, retaliatory headbutt
a: no special abilities


You were on level 4 of the Dungeon.
You visited 1 branch of the dungeon, and saw 4 of its levels.

You collected 160 gold pieces.

Inventory:

Hand Weapons
 a - a +1 shortbow (weapon)
 b - a +0 short sword
Missiles
 d - 4 arrows (quivered ammo)
Armour
 c - a +0 leather armour (worn)
Wands
 q - a wand of polymorph (5)
 s - a wand of flame (26)
Scrolls
 j - a scroll of enchant armour {unknown}
 k - a scroll of identify {unknown}
 m - a scroll of teleportation {unknown}
 n - a scroll of silence {unknown}
 r - a scroll of torment {unknown}
Potions
 e - a potion of brilliance {unknown}
 f - 3 potions of lignification {unknown}
 g - a potion of flight {unknown}
 h - a potion of attraction {unknown}
 i - a potion of haste {unknown}
 l - a potion of resistance {unknown}
 o - 2 potions of degeneration {unknown}
 p - 2 potions of curing {unknown}
 t - a potion of heal wounds {unknown}
 u - a potion of invisibility {unknown}


   Skills:
 - Level 2.4 Fighting
 + Level 7.6 Bows
 - Level 2.1 Dodging
 - Level 0.7 Stealth


You had 4 spell levels left.
You didn't know any spells.
Your spell library contained the following spells:

 Spells                   Type           Power      Damage    Failure   Level
 Corpse Rot               Necr/Air       N/A        N/A       63%         2
 Poisonous Vapours        Pois/Air       0%         N/A       63%         2
 Slow                     Hex            0%         N/A       63%         2
 Sublimation of Blood     Necr           0%         N/A       63%         2
 Confusing Touch          Hex            0%         N/A       85%         3
 Dazzling Flash           Conj/Hex       0%         N/A       85%         3
 Iskenderun's Mystic Bla  Conj/Tloc      0%         2d3       99%         4
 Petrify                  Tmut/Erth      0%         N/A       99%         4
 Freezing Cloud           Conj/Ice/Air   0%         6-21      100%        5
 Irradiate                Conj/Tmut      0%         3d13      100%        5
 Yara's Violent Unravell  Hex/Tmut       0%         3d3       100%        5
 Starburst                Conj/Fire      0%         8x6d3     100%        6


Dungeon Overview and Level Annotations

Branches:
Dungeon (4/15)
 Temple: D:4-7

Altars:
Fedhas

Shops:
D:1 *   D:3 :


Innate Abilities, Weirdness & Mutations

You have a pair of horns on your head.
You reflexively headbutt those who attack you in melee.


Message History

The quokka closely misses you. The orc hits you with a +0 club.
You shoot an arrow. The arrow barely misses the orc.
The quokka closely misses you.
You shoot an arrow. The arrow hits the orc!
You kill the orc!
The quokka completely misses you. You furiously retaliate!
You headbutt the quokka, but do no damage.
You shoot an arrow. The arrow hits the quokka!
You kill the quokka!
You shoot an arrow. The arrow hits the ogre!
The ogre is moderately wounded.
Fire: 10 arrows
Press: ? - help, Q - select action, (/) - cycle Shift-Dir - straight line, f/p - ogre
Aim: an ogre, wielding a +0 giant club (moderately wounded, 76% to hit)
You shoot an arrow. The arrow hits the ogre.
The ogre is heavily wounded.
Fire: 9 arrows
Press: ? - help, Q - select action, (/) - cycle Shift-Dir - straight line, f/p - ogre
Aim: an ogre, wielding a +0 giant club (heavily wounded, 76% to hit)
You shoot an arrow. The arrow hits the ogre.
The ogre is heavily wounded.
Fire: 8 arrows
Press: ? - help, Q - select action, (/) - cycle Shift-Dir - straight line, f/p - ogre
Aim: an ogre, wielding a +0 giant club (heavily wounded, 76% to hit)
You shoot an arrow. The arrow barely misses the ogre.
You shoot an arrow. The arrow closely misses the ogre.
The ogre closely misses you.
Unknown command.
Fire: 6 arrows
Press: ? - help, Q - select action, (/) - cycle Shift-Dir - straight line, f/p - ogre
Aim: an ogre, wielding a +0 giant club (heavily wounded, 76% to hit)
You shoot an arrow. The arrow hits the ogre!
The ogre is severely wounded.
Fire: 5 arrows
Press: ? - help, Q - select action, (/) - cycle Shift-Dir - straight line, f/p - ogre
Aim: an ogre, wielding a +0 giant club (severely wounded, 76% to hit)
You shoot an arrow. The arrow barely misses the ogre.
The ogre hits you with a +0 giant club!!
Ouch! That really hurt!
You die...

#..## ##...###
#......##
#.......##
#........### .
##.........†## ..(
#.........(..##...(
#...........).(....
#..<.......@O(((.$(
#......>...........
#..................
##.................
#.................
#..........>......
##..........!.....
##...............


You could see an ogre.

Vanquished Creatures
  A hound (D:3)
  An orc priest (D:4)
  Jessica (D:2)
  Terence (D:2)
  3 adders
  A worm (D:3)
  A dart slug (D:3)
  2 orcs (D:4)
  8 bats
  9 endoplasms
  7 goblins
  5 hobgoblins
  4 jackals
  4 quokkas
  7 ball pythons
  A frilled lizard (D:1)
  3 kobolds
  8 rats
67 creatures vanquished.

Notes
Turn   | Place    | Note
-------+----------+-------------------------------------------
     0 | D:1      | pkoi the Minotaur Hunter began the quest for the Orb.
     0 | D:1      | Reached XP level 1. HP: 18/18 MP: 0/0
   417 | D:1      | Reached XP level 2. HP: 25/25 MP: 1/1
   418 | D:1      | Reached skill level 5 in Bows
   447 | D:1      | Found Tuthruum's Assorted Antiques.
   757 | D:2      | Reached XP level 3. HP: 30/30 MP: 2/2
   838 | D:2      | Found a faded altar of an unknown god.
   894 | D:2      | Noticed Terence
   907 | D:2      | Killed Terence
   908 | D:2      | Reached skill level 6 in Bows
   908 | D:2      | Reached XP level 4. HP: 9/37 MP: 3/3
  1369 | D:2      | Noticed Jessica
  1373 | D:2      | Killed Jessica
  1597 | D:3      | Found Sohosimp's Book Boutique.
  2100 | D:3      | Reached skill level 7 in Bows
  2100 | D:3      | Reached XP level 5. HP: 40/42 MP: 4/4
  2152 | D:3      | Found a blossoming altar of Fedhas.
  2472 | D:4      | Noticed an ogre
  2482 | D:4      | Slain by an ogre

Illustrated notes

Levels and vault maps discovered:
D:1:      dpeg_arrival_erosion, layout_basic, serial_shops,
          nicolae_shop_statue_plus
D:2:      layout_loops_ring, chequers_ecumenical_altar_simple_redux,
          uniq_jessica, uniq_terence
D:3:      layout_rooms, mainiacjoe_overflow_alcove_1, serial_shops,
          nicolae_shop_waterfront
D:4:      layout_cave_pods, serial_shops, shop, uniq_menkaure

Skill      XL: |  1  2  3  4 |
---------------+-------------+-----
Bows           | 5 6 7 |  7.6
Fighting       | |  2.4
Dodging        | |  2.1
Stealth        | |  0.7

Action                   |  1- 3 |  4- 6 || total
-------------------------+-------+-------++-------
Melee: Unarmed           |       |     3 ||     3
 Fire: Shortbow          |    76 |   101 ||   177
Armor: Leather armour    |     8 |     7 ||    15
Dodge: Dodged            |    25 |    23 ||    48
